 Dungeon Crawl Stone Soup version 0.26.0-45-g9c1d065592 (webtiles) character file.

Game seed: 3203976367012067663

14417 thiole the Tainter (level 12, -1/90 HPs)
             Began as an Octopode Venom Mage on Jan 27, 2021.
             Was an Initiate of Gozag.
             Slain by a boulder beetle (5 damage)
             ... on level 11 of the Dungeon.
             The game lasted 00:31:22 (13436 turns).

thiole the Tainter (Octopode Venom Mage)           Turns: 13436, Time: 00:31:23

Health: -1/90      AC:  1    Str: 15    XL:     12   Next: 16%
Magic:  7/19       EV: 16    Int: 21    God:    Gozag
Gold:   2123       SH:  0    Dex: 16    Spells: 6/21 levels left

rFire    + . .     SeeInvis .   G - +3 long sword "Koteschu" {flame, +Blink Dex+4}
rCold    x . .     Faith    .   (no shield)
rNeg     . . .     Spirit   .   (helmet restricted)
rPois    .         Reflect  .   i - amulet of magic regeneration
rElec    .         Harm     .   f - +6 ring of strength
rCorr    .         Rampage  .   p - ring of fire
Will     .....                  (no ring)
Stlth    ++++......             (no ring)
HPRegen  0.25/turn              (no ring)
MPRegen  0.41/turn              (no ring)
                                (no ring)
                                (no ring)

@: radiating poison
A: almost no armour, stealthy swim, amphibious, 8 rings, constrict 8, camouflage
1, gelatinous body 1
a: Renounce Religion, Evoke Blink, Potion Petition, Call Merchant, Bribe Branch


You were on level 11 of the Dungeon.
You worshipped Gozag.
Gozag was most pleased with you.
You visited 2 branches of the dungeon, and saw 12 of its levels.

You collected 2239 gold pieces.
You paid 116 gold pieces to Gozag.

Inventory:

Hand Weapons
 j - a +1 trident of distortion
 F - the +7 mace "Gint" {antimagic, rC++ Str+2}
   (You found it on level 9 of the Dungeon)

   It reduces the magical energy of the wielder, and disrupts the spells and
   magical abilities of those hit.
   Natural abilities and divine invocations are not affected.
   It affects your strength (+2).
   It greatly protects you from cold.
 G - the +3 long sword "Koteschu" (weapon) {flame, +Blink Dex+4}
   (You found it on level 9 of the Dungeon)

   It has been specially enchanted to burn those struck by it, causing extra
   injury to most foes and up to half again as much damage against particularly
   susceptible opponents.
   Big, fiery blades are also staple armaments of hydra-hunters.
   It affects your dexterity (+4).
   It lets you blink.
Missiles
 c - 67 poisoned darts
Armour
 I - a +0 tower shield
Jewellery
 f - a +6 ring of strength (left tentacle)
 i - an amulet of magic regeneration (around mantle)
 p - a ring of fire (right tentacle)
 L - a +4 ring of evasion {unknown}
Wands
 a - a wand of acid (17)
 o - a wand of enslavement (2)
 u - a wand of iceblast (8)
 w - a wand of digging (10)
 H - a wand of polymorph (9)
Scrolls
 b - 2 scrolls of magic mapping {unknown}
 g - 6 scrolls of teleportation {unknown}
 h - 2 scrolls of immolation {unknown}
 k - 2 scrolls of amnesia {unknown}
 m - 2 scrolls of fear {unknown}
 q - a scroll of torment {unknown}
 r - 4 scrolls of remove curse {unknown}
 s - 2 scrolls of enchant weapon {unknown}
 t - a scroll of blinking {unknown}
 x - a scroll of noise {unknown}
 y - a scroll of enchant armour {unknown}
 C - a scroll of fog {unknown}
 D - 2 scrolls of silence {unknown}
 J - 7 scrolls of identify
 K - a scroll of vulnerability {unknown}
Potions
 d - a potion of might
 e - a potion of ambrosia
 l - 4 potions of curing
 n - 4 potions of attraction {unknown}
 z - a potion of brilliance
 A - a potion of flight
 B - a potion of haste {unknown}
 E - 2 potions of invisibility {unknown}
Miscellaneous
 v - a phantom mirror


   Skills:
 * Level 11.4 Fighting
 - Level 4.4 Dodging
 - Level 4.0 Stealth
 + Level 2.6 Shields
 - Level 5.0 Spellcasting
 * Level 3.7 Transmutations
 * Level 5.5 Fire Magic
 + Level 14.1 Poison Magic


You had 6 spell levels left.
You knew the following spells:

 Your Spells              Type           Power        Failure   Level
a - Sting                 Tmut/Pois      100%         1%          1
b - Ignite Poison         Fire/Tmut/Pois 54%          1%          3
c - Olgreb's Toxic Radia  Pois           59%          1%          4
d - Apportation           Tloc           10%          11%         1
e - Dazzling Flash        Conj/Hex       10%          32%         3
f - Mephitic Cloud        Conj/Pois/Air  25%          4%          3

Your spell library contained the following spells:

 Spells                   Type           Power        Failure   Level
 Poisonous Vapours        Pois/Air       68%          1%          2
 Spider Form              Tmut/Pois      21%          1%          3
 Beastly Appendage        Tmut           42%          2%          1
 Wereblood                Tmut           21%          3%          2
 Animate Skeleton         Necr           10%          11%         1
 Corona                   Hex            5%           11%         1
 Magic Dart               Conj           20%          11%         1
 Summon Small Mammal      Summ           20%          11%         1
 Ensorcelled Hibernation  Hex/Ice        10%          16%         2
 Searing Ray              Conj           10%          16%         2
 Confusing Touch          Hex            5%           32%         3
 Tukima's Dance           Hex            5%           32%         3
 Ice Form                 Ice/Tmut       13%          45%         4
 Blade Hands              Tmut           10%          54%         5
 Fulminant Prism          Conj/Hex       2%           71%         4
 Iskenderun's Mystic Bla  Conj/Tloc      5%           71%         4


Dungeon Overview and Level Annotations

Branches:
Dungeon (11/15)            Temple (1/1) D:6            Lair (0/6) D:11
    Orc: D:9-12

Altars:
Ashenzari
Cheibriados
Dithmenos
Elyvilon
Gozag
Hepliaklqana
Kikubaaqudgha
Makhleb
Nemelex Xobeh
Okawaru
Ru
Sif Muna
Trog
Wu Jian
Xom
Zin
The Shining One

Shops:
D:6 [   D:7 [   D:10 *

Annotations:
D:7 1 runed translucent door, Crazy Yiuf


Innate Abilities, Weirdness & Mutations

You cannot wear most types of armour.
You are very stealthy in the water. (Stealth+)
You are amphibious.
You can wear up to eight rings at the same time.
You can use your tentacles to constrict eight enemies at once.
Your skin changes colour to match your surroundings (Stealth+).
Your rubbery body absorbs attacks. (AC +1, EV +1)


Message History

The boulder beetle is heavily wounded.
The boulder beetle bites you!
Casting: Sting (safe; 1% risk of failure)
Confirm with . or Enter, or press ? or * to list all spells.
You begin to radiate toxic energy.
The boulder beetle looks as sick as possible!
The boulder beetle bites you!!
Casting: Olgreb's Toxic Radiance (safe; 1% risk of failure)
Confirm with . or Enter, or press ? or * to list all spells.
Your toxic radiance grows in intensity.
The boulder beetle bites you!!
* * * LOW HITPOINT WARNING * * *
Aiming: Corrosive Bolt
Press: ? - help, Shift-Dir - straight line, f/p - boulder beetle
Aim: a boulder beetle (severely wounded, extremely poisoned, 0% to evade)
The bolt of acid hits the boulder beetle but does no damage.
The boulder beetle is severely wounded.
The boulder beetle looks as sick as possible!
The boulder beetle bites you.
You die...
Your body crumbles into a pile of gold.

#.#......)..........').#...
#.#.................####.P.
##........###.........PP.
#........# ##.........P.
.'........####P.......P..
###..........###..........
##'##+#....# ###.....P## #.
#.#....# ###.##### #.'@...#
#...... #.#B...# ####### #
#...[# ...### #####


You could see a boulder beetle (extremely poisoned).

Vanquished Creatures
  Harold (D:7)
  A centaur warrior (D:10)
  3 two-headed ogres
  An unseen horror (D:8)
  An ugly thing (D:11)
  A gargoyle (D:10)
  2 trolls
  A hornet (D:8)
  6 yaks
  A wyvern (D:8)
  A soldier ant (D:10)
  Duvessa (D:7)
  2 water moccasins
  6 orc warriors
  2 black bears
  5 sky beasts
  2 phantoms (D:10)
  5 ice beasts
  2 eyes of draining
  5 ogres
  2 necrophages
  5 centaurs
  A big kobold (D:11)
  10 bullfrogs
  Dowan (D:7)
  6 scorpions
  25 killer bees
  16 wights
  3 howler monkeys
  A bullfrog zombie (D:5)
  2 centaur zombies
  7 hounds
  A jelly (D:7)
  8 orc priests
  A bullfrog skeleton (D:7)
  3 centaur skeletons
  2 iguanas (D:8)
  9 orc wizards
  10 worker ants
  3 worker ant zombies
  10 adders
  3 shadow imps
  A white imp (D:8)
  An ooze (D:4)
  3 ufetubi
  3 adder skeletons
  A worm (D:2)
  2 dart slugs (D:2)
  6 leopard geckos
  39 orcs
  3 giant cockroaches
  7 goblins
  4 hobgoblins (D:2)
  6 jackals
  12 kobolds
  5 quokkas
  7 bats
  4 frilled lizards
  A leopard gecko skeleton (D:6)
  10 rats
293 creatures vanquished.

Vanquished Creatures (others)
  A human (D:3)
  8 fungi (D:11)
  18 plants (D:11)
27 creatures vanquished.

Grand Total: 320 creatures vanquished

Notes
Turn   | Place    | Note
-------+----------+-------------------------------------------
     0 | D:1      | thiole the Octopode Venom Mage began the quest for the Orb.
     0 | D:1      | Reached XP level 1. HP: 11/11 MP: 3/3
   164 | D:1      | Reached XP level 2. HP: 17/17 MP: 0/5
   655 | D:2      | Reached skill level 4 in Poison Magic
   801 | D:2      | Reached XP level 3. HP: 21/21 MP: 0/6
  1055 | D:2      | Reached XP level 4. HP: 27/27 MP: 6/8
  1341 | D:2      | Found a sparkling altar of Nemelex Xobeh.
  1798 | D:3      | Learned a level 3 spell: Ignite Poison
  1813 | D:3      | You fall into a shaft and drop 1 floor!
  1813 | D:4      | Noticed an ogre
  1828 | D:4      | Killed an ogre
  1829 | D:4      | Reached skill level 1 in Fire Magic
  1829 | D:4      | Reached skill level 5 in Poison Magic
  1829 | D:4      | Reached XP level 5. HP: 6/31 MP: 7/9
  1832 | D:4      | HP: 1/31 [worker ant (5)]
  2065 | D:3      | Learned a level 4 spell: Olgreb's Toxic Radiance
  2574 | D:3      | Reached XP level 6. HP: 36/36 MP: 8/11
  2876 | D:3      | Found an ancient bone altar of Kikubaaqudgha.
  2877 | D:3      | Noticed a human
  2880 | D:3      | Killed a human
  3253 | D:4      | Noticed a phantom
  3297 | D:4      | Found a snail-covered altar of Cheibriados.
  3298 | D:4      | Found a glowing golden altar of the Shining One.
  3477 | D:5      | Entered Level 5 of the Dungeon
  3734 | D:5      | Noticed a sky beast
  3736 | D:5      | Killed a sky beast
  3737 | D:5      | Reached skill level 1 in Fighting
  3737 | D:5      | Reached XP level 7. HP: 43/43 MP: 5/13
  3906 | D:5      | Reached skill level 6 in Poison Magic
  4174 | D:5      | Found a sacrificial altar of Ru.
  4817 | D:6      | Reached XP level 8. HP: 27/51 MP: 15/15
  4963 | D:6      | Found a staircase to the Ecumenical Temple.
  4968 | D:6      | Reached skill level 5 in Spellcasting
  4968 | D:6      | Reached skill level 7 in Poison Magic
  4975 | Temple   | Entered the Ecumenical Temple
  5023 | Temple   | Became a worshipper of Gozag Ym Sagoz the Greedy
  5327 | D:6      | Found Zyulok's Armour Shoppe.
  5387 | D:6      | Reached skill level 8 in Poison Magic
  5908 | D:7      | Reached skill level 5 in Fighting
  5940 | D:7      | Learned a level 1 spell: Apportation
  5944 | D:7      | Learned a level 3 spell: Dazzling Flash
  5948 | D:7      | Learned a level 3 spell: Mephitic Cloud
  5987 | D:7      | Reached skill level 9 in Poison Magic
  5987 | D:7      | Reached XP level 9. HP: 9/61 MP: 5/16
  6455 | D:7      | Noticed Harold
  6474 | D:7      | Killed Harold
  6475 | D:7      | Reached skill level 10 in Poison Magic
  6581 | D:7      | Found Nastoh's Armour Emporium.
  6900 | D:7      | Found a runed translucent door.
  6901 | D:7      | Noticed Crazy Yiuf
  7254 | D:7      | Noticed Duvessa
  7255 | D:7      | Noticed Dowan
  7258 | D:7      | Killed Duvessa
  7258 | D:7      | Killed Dowan
  7259 | D:7      | Reached skill level 11 in Poison Magic
  7322 | D:7      | Reached XP level 10. HP: 72/72 MP: 4/17
  7938 | D:8      | Found a hazy altar of Hepliaklqana.
  7939 | D:8      | Found a shadowy altar of Dithmenos.
  7955 | D:8      | Found a broken altar of Ashenzari.
  8320 | D:8      | Found a bloodstained altar of Trog.
  8320 | D:8      | Found a burning altar of Makhleb.
  8849 | D:8      | Reached skill level 12 in Poison Magic
  8853 | D:8      | Killed an unseen horror
 10226 | D:9      | Reached skill level 10 in Fighting
 10293 | D:9      | Got a pitted mace
 10304 | D:9      | Identified the +7 mace "Gint" {antimagic, rC++ Str+2} (You
                  | found it on level 9 of the Dungeon)
 10351 | D:9      | Reached skill level 13 in Poison Magic
 10406 | D:9      | Reached XP level 11. HP: 81/81 MP: 1/18
 10411 | D:9      | Got a smoking long sword
 10412 | D:9      | Identified the +3 long sword "Koteschu" {flame, +Blink
                  | Dex+4} (You found it on level 9 of the Dungeon)
 10827 | D:10     | Entered Level 10 of the Dungeon
 11045 | D:10     | Noticed a two-headed ogre
 11052 | D:10     | Killed a two-headed ogre
 12001 | D:10     | Found Xoiniamuecw's Lightly-Used Armoury.
 12012 | D:10     | Noticed a centaur warrior
 12015 | D:10     | Killed a centaur warrior
 12092 | D:10     | Reached skill level 1 in Shields
 12399 | D:10     | Noticed a two-headed ogre
 12406 | D:10     | Killed a two-headed ogre
 12570 | D:11     | Noticed a red ugly thing
 12579 | D:11     | Killed a red ugly thing
 12597 | D:10     | Reached skill level 14 in Poison Magic
 12843 | D:11     | Reached skill level 5 in Fire Magic
 12995 | D:11     | Reached XP level 12. HP: 90/90 MP: 8/19
 13202 | D:11     | Noticed a two-headed ogre
 13217 | D:11     | Killed a two-headed ogre
 13352 | D:11     | Found a staircase to the Lair.
 13425 | D:11     | Noticed a boulder beetle
 13435 | D:11     | HP: 3/90 [boulder beetle (28)]
 13436 | D:11     | Slain by a boulder beetle

Illustrated notes

Levels and vault maps discovered:
D:1:      eino_arrival_cavern_c, layout_basic, minmay_misc_feat_tower,
          st_stairs_8
D:2:      layout_basic, marbit_many_paths, grunt_decor_fettered
D:3:      layout_basic, tgw_kikubaaqudgha
D:4:      layout_basic, gammafunk_temple_overflow_statue
D:5:      layout_basic, basic_altar
D:6:      layout_loops_corners, minmay_temple_entry_steel_oval, serial_shops,
          kennysheep_little_box
D:7:      layout_layer_cave, serial_shops, shop, uniq_crazy_yiuf_cottage,
          uniq_harold, uniq_duvessa
D:8:      kennysheep_windowed_halls, layout_loops_ring,
          riverfiend_overflow_shadow_ancestor, overflow_temple_1_default,
          minitemple, lightli_orcish_oven
D:9:      layout_roguey
D:10:     layout_loops_cross, minmay_shop_damaged
D:11:     layout_basic, grunt_lair_entry_orc_guard_hut, serial_corexii_hall,
          corexii_hall_statues_i, chequers_hall_statues_corner_a,
          hangedman_ranch [blue_anna_fruit_fields]
Temple:   nicolae_temple_great_sept

Skill      XL: |  1  2  3  4  5  6  7  8  9 10 11 |
---------------+----------------------------------+-----
Stealth        | 3 4 |  4.0
Poison Magic   | 4 5 6 9 11 13 14 | 14.1
Spellcasting   | 3 4 5 |  5.0
Fire Magic     | 1 3 5 |  5.5
Transmutations | 2 3 |  3.7
Fighting       | 1 2 5 7 10 11 | 11.4
Dodging        | 4 |  4.4
Shields        | 2 |  2.6

Action                   |  1- 3 |  4- 6 |  7- 9 | 10-12 || total
-------------------------+-------+-------+-------+-------++-------
Melee: Unarmed           |    47 |     3 |       |       ||    50
       Constrict         |    15 |     5 |    14 |    25 ||    59
       Tentacles         |     7 |     2 |    18 |    29 ||    56
       Trident           |       |    11 |    85 |    50 ||   146
       Long sword        |       |       |       |    74 ||    74
 Cast: Sting             |    38 |    67 |    32 |    46 ||   183
       Ignite Poison     |       |     3 |    31 |    75 ||   109
       Olgreb's Toxic Ra |       |     3 |    28 |   124 ||   155
       Mephitic Cloud    |       |       |       |     2 ||     2
Evoke: Wand              |       |       |       |     4 ||     4
  Use: Scroll            |       |     2 |       |     9 ||    11
       Potion            |       |     2 |       |     4 ||     6
 Stab: Sleeping          |       |     1 |     3 |     1 ||     5
       Distracted        |       |       |       |     1 ||     1
Armor: Skin              |     3 |     4 |     7 |     8 ||    22
Dodge: Dodged            |    35 |    25 |    46 |   115 ||   221
       Rpst.: Long sword |       |       |       |    26 ||    26
